 Dungeon Crawl Stone Soup version 0.27-a0-594-g2aaa8dbbc2 (webtiles) character file.

Game seed: 7077501418738951408

60 ReteAZ the Chiller (level 3, -5/19 HPs)
             Began as a Deep Elf Ice Elementalist on Mar 11, 2021.
             Slain by an ogre
             ... wielding a +0 giant club
              (24 damage)
             ... on level 2 of the Dungeon.
             The game lasted 00:01:26 (2174 turns).

ReteAZ the Chiller (Deep Elf Ice Elementalist)      Turns: 2174, Time: 00:01:26

Health: -5/19      AC:  2    Str:  5    XL:     3   Next: 82%
Magic:  7/10       EV: 12    Int: 20    God:
Gold:   57         SH:  0    Dex: 15    Spells: 9/10 levels left

rFire    . . .     SeeInvis .   i - +1 spear (venom)
rCold    . . .     Faith    .   (no shield)
rNeg     . . .     Spirit   .   a - +0 robe
rPois    .         Reflect  .   (no helmet)
rElec    .         Harm     .   (no cloak)
rCorr    .         Rampage  .   (no gloves)
Will     .....                  (no boots)
Stlth    ++........             (no amulet)
HPRegen  0.06/turn              (no ring)
MPRegen  0.12/turn              (no ring)

@: no status effects
A: no striking features
a: no special abilities


You were on level 2 of the Dungeon.
You visited 1 branch of the dungeon, and saw 2 of its levels.

You collected 57 gold pieces.

Inventory:

Hand Weapons
 i - a +1 spear of venom (weapon)
Armour
 a - a +0 robe (worn)
Jewellery
 k - a ring of fire
Scrolls
 c - 3 scrolls of teleportation {unknown}
 d - 3 scrolls of identify {unknown}
 e - a scroll of magic mapping {unknown}
Potions
 b - a potion of cancellation {unknown}
 f - 2 potions of heal wounds {unknown}
 g - a potion of might {unknown}
 h - a potion of curing {unknown}
 j - a potion of haste {unknown}


   Skills:
 - Level 2.4 Dodging
 - Level 2.4 Stealth
 + Level 4.0 Spellcasting
 * Level 5.5 Ice Magic


You had 9 spell levels left.
You knew the following spells:

 Your Spells              Type           Power      Damage    Failure   Level
a - Freeze                Ice            100%       1d11      1%          1

Your spell library contained the following spells:

 Spells                   Type           Power      Damage    Failure   Level
 Frozen Ramparts          Ice            52%        1d7       3%          3
 Ozocubu's Armour         Ice            26%        N/A       3%          3
 Hailstorm                Conj/Ice       15%        3d5       38%         4
 Summon Ice Beast         Ice/Summ       15%        N/A       38%         4


Dungeon Overview and Level Annotations

Branches:
Dungeon (2/15)

Altars:
Nemelex Xobeh
Xom
Zin
Beogh


Message History

k - a ring of fire A goblin comes into view.
It is wielding a +0 club.
A goblin is nearby!
A goblin is nearby!
You reach to attack!
The helpless goblin fails to defend itself.
You hit the goblin.
You kill the goblin!
You can't see any susceptible monsters within range! (Use Z to cast anyway.)
You can't see any susceptible monsters within range! (Use Z to cast anyway.)
You see here a +0 club.
You now have 57 gold pieces (gained 13).
Found a stone staircase leading up.
d - 3 scrolls labelled NUIGHUMEKA (gained 1)
Found a stone staircase leading down.
Found a club.
A giant cockroach comes into view.
A giant cockroach is nearby!
You reach to attack!
You closely miss the giant cockroach. You freeze the giant cockroach!
You kill the giant cockroach!
You can't see any susceptible monsters within range! (Use Z to cast anyway.)
Found an escape hatch in the floor.
You see here a +0 club.
c - 3 scrolls labelled FISYME ANKOTAM (gained 1)
Found 22 stones.
An ogre comes into view. It is wielding a +0 giant club.
The ogre shouts!
You reach to attack!
You hit the ogre but do no damage. You freeze the ogre.
The ogre is lightly wounded.
The ogre misses you.
You freeze the ogre.
The ogre is heavily wounded.
The ogre barely misses you.
You freeze the ogre.
The ogre is severely wounded.
The ogre hits you with a +0 giant club!!
Ouch! That really hurt!
You die...

#############
#......@O...#
#.#########.#
#.# ###.#
##########
##.#.#######
.# .......#.#
#.#.......(.
....#####...#
##.#.#####..
..........#..
#.#.#
#..###...#..
#.#.# #.#...#


You could see an ogre.

Vanquished Creatures
  Natasha (D:2)
  An ooze (D:1)
  A dart slug (D:1)
  A leopard gecko (D:1)
  3 bats
  2 giant cockroaches (D:2)
  5 goblins
  3 hobgoblins (D:1)
  3 kobolds
  3 ball pythons
  A frilled lizard (D:1)
  4 rats
28 creatures vanquished.

Notes
Turn   | Place    | Note
-------+----------+-------------------------------------------
     0 | D:1      | ReteAZ the Deep Elf Ice Elementalist began the quest for
                  | the Orb.
     0 | D:1      | Reached XP level 1. HP: 10/10 MP: 6/6
   111 | D:1      | Reached XP level 2. HP: 13/15 MP: 1/8
   847 | D:1      | Reached skill level 5 in Ice Magic
  1250 | D:1      | Found a radiant altar of Vehumet.
  1252 | D:1      | Found a glowing silver altar of Zin.
  1252 | D:1      | Found a sparkling altar of Nemelex Xobeh.
  1254 | D:1      | Found a radiant altar of Vehumet.
  1254 | D:1      | Found a shimmering altar of Xom.
  1254 | D:1      | Found a glowing silver altar of Zin.
  1441 | D:1      | Noticed an orc warrior
  1585 | D:2      | Reached XP level 3. HP: 19/19 MP: 8/10
  1776 | D:2      | Noticed Natasha
  1782 | D:2      | Killed Natasha
  2167 | D:2      | Noticed an ogre
  2174 | D:2      | Slain by an ogre

Illustrated notes

Levels and vault maps discovered:
D:1:      erik_arrival_cave_to_civilisation [erik_arrival_cave_to_temple],
          layout_basic, doesnt_xom_only_xom
D:2:      layout_loops_ring, lemuel_round_altar, minmay_misc_feat_alley,
          uniq_natasha

Skill      XL: |  1  2  3 |
---------------+----------+-----
Ice Magic      | 5 |  5.5
Spellcasting   | 4 |  4.0
Dodging        | |  2.4
Stealth        | |  2.4

Action                   || total
-------------------------++-------
Melee: Unarmed           ||     8
       Spear             ||     3
 Cast: Freeze            ||    40
 Stab: Sleeping          ||     1
Armor: Robe              ||     5
Dodge: Dodged            ||    25

Table legend: (Time is in decaauts)
 A = Elapsed time spent in this place.
 B = Non-inter-level travel time spent in this place.
 C = Inter-level travel time spent in this place.
 D = Time resting spent in this place.
 E = Time spent auto-exploring this place.
 F = Levels seen in this place.
 G = Mean time per level.
                   A        B        C        D        E       F      G
               +--------+--------+--------+--------+--------+-----+--------+
         Total |   2173 |   2108 |     65 |      0 |   1923 |   2 | 1086.5 |
       Dungeon |   2173 |   2108 |     65 |      0 |   1923 |   2 | 1086.5 |
               +--------+--------+--------+--------+--------+-----+--------+

Top non-repeatable levels by time:
     D:1: 1580 daAuts
     D:2: 593 daAuts
